 Dungeon Crawl Stone Soup version 0.26-a0-800-g517d6fe721 (webtiles) character file.

Game seed: 14283814754972251794

11575 lunkers the Frost Mage (level 11, -5/83 HPs)
             Began as a Vampire Ice Elementalist on Nov 12, 2020.
             Was a Believer of Ashenzari.
             Slain by a five-headed hydra (9 damage)
             ... on level 11 of the Dungeon.
             The game lasted 00:26:16 (9504 turns).

lunkers the Frost Mage (Vampire Ice Elementalist)   Turns: 9504, Time: 00:26:16

Health: -5/83      AC: 17    Str:  7    XL:     11   Next: 51%
Magic:  18/23      EV: 21    Int: 20    God:    Ashenzari [**....]
Gold:   689        SH:  5    Dex: 16    Spells: 16/27 levels left

rFire    . . .     SeeInvis +   I - +2 scimitar (flame) (curse)
rCold    . . .     Faith    .   q - +0 buckler
rNeg     . . .     Spirit   .   u - +0 ring mail {rPois}
rPois    +         Reflect  .   l - +0 helmet
rElec    .         Harm     .   R - +0 cloak
rCorr    .         Rampage  .   m - +2 pair of gloves (curse)
MR       +....                  v - +0 pair of boots
Stlth    ++........             o - amulet of magic regeneration (curse)
HPRegen  0.43/turn              s - +4 ring of evasion (curse)
MPRegen  0.43/turn              F - +4 ring of evasion (curse)

@: icy armour, frozen ramparts, regenerating quickly
A: fangs 3, see invisible, unbreathing
a: Exsanguinate, Curse Item, Scrying, Renounce Religion


You were on level 11 of the Dungeon.
You worshipped Ashenzari.
Ashenzari was pleased with you.
You visited 2 branches of the dungeon, and saw 12 of its levels.

You collected 689 gold pieces.

Inventory:

Hand Weapons
 r - a +1 dagger of venom
 I - a cursed +2 scimitar of flaming (weapon)
Armour
 l - a +0 helmet (worn)
 m - a cursed +2 pair of gloves (worn)
 q - a +0 buckler (worn)
 u - a +0 ring mail of poison resistance (worn)
 v - a +0 pair of boots (worn)
 D - the +3 troll leather armour "Qafem" {Rampage rPois Regen+ rCorr Stlth-}
   (You found it on level 7 of the Dungeon)

   It protects you from poison.
   It increases your rate of regeneration.
   It provides partial protection from all sources of acid and corrosion.
   It bestows one free step when moving towards enemies.
   It makes you less stealthy.
 N - the +1 leather armour of Fouvoemm {MR+}
   (You found it on level 10 of the Dungeon)

   It affects your resistance to hostile enchantments.
 R - a +0 cloak (worn)
Jewellery
 c - an uncursed amulet of guardian spirit
 o - a cursed amulet of magic regeneration (around neck)
 s - a cursed +4 ring of evasion (left hand)
 A - an uncursed amulet of faith
 E - an uncursed amulet of the acrobat
 F - a cursed +4 ring of evasion (right hand)
 L - an uncursed ring of flight
 M - an uncursed amulet of regeneration
 S - the ring "Voyklec" {*Tele *Contam rPois rF+++ rN+++}
   (You found it on level 10 of the Dungeon)

   [ring of teleportation]

   It may teleport you next to monsters.
   It renders you almost immune to fire.
   It protects you from poison.
   It renders you almost immune to negative energy.
   It causes magical contamination when unequipped.
Wands
 i - a wand of flame (18)
 w - a wand of polymorph (6)
 y - a wand of acid (6)
 G - a wand of enslavement (2)
 H - a wand of paralysis (7)
 K - a wand of random effects (13)
Scrolls
 b - 2 scrolls of blinking {unknown}
 e - 7 scrolls of teleportation
 j - 2 scrolls of enchant armour {unknown}
 k - 2 scrolls of noise {unknown}
 p - a scroll of random uselessness {unknown}
 t - a scroll of magic mapping {unknown}
 x - a scroll of enchant weapon {unknown}
Potions
 a - 5 potions of flight
 d - 2 potions of mutation
 f - 2 potions of haste
 g - 4 potions of curing
 h - 4 potions of heal wounds
 n - 2 potions of brilliance
 z - 2 potions of ambrosia {unknown}
 B - 2 potions of degeneration {unknown}
 C - 5 potions of might
Miscellaneous
 O - a tin of tremorstones (2/2)


   Skills:
 + Level 6.7 Fighting
 + Level 2.0(3.7) Long Blades
 + Level 6.3 Dodging
 + Level 4.7 Stealth
 - Level 4.0 Shields
 + Level 8.6 Spellcasting
 - Level 4.0(6.1) Summonings
 - Level 11.7(13.7) Ice Magic


You had 16 spell levels left.
You knew the following spells:

 Your Spells              Type           Power        Failure   Level
a - Freeze                Ice            ####         1%          1
b - Frozen Ramparts       Ice            ######       1%          3
c - Ozocubu's Armour      Ice            ######..     1%          3
d - Summon Ice Beast      Ice/Summ       #####...     4%          4

Your spell library contained the following spells:

 Spells                   Type           Power        Failure   Level
 Summon Small Mammal      Summ           ####         2%          1
 Hailstorm                Conj/Ice       #####...     16%         4
 Animate Skeleton         Necr           #.....       26%         1
 Apportation              Tloc           #.....       26%         1
 Corona                   Hex            #......      26%         1
 Slow                     Hex            #.......     36%         2
 Inner Flame              Hex/Fire       #.......     58%         3
 Portal Projectile        Hex/Tloc       #.....       58%         3
 Cause Fear               Hex            #.........   94%         4
 Leda's Liquefaction      Hex/Erth       #.........   94%         4


Dungeon Overview and Level Annotations

Branches:
Dungeon (11/15)            Temple (1/1) D:7             Orc (0/2) D:10
   Lair: D:8-11

Altars:
Ashenzari
Cheibriados
Dithmenos
Elyvilon
Fedhas
Gozag
Hepliaklqana
Kikubaaqudgha
Makhleb
Nemelex Xobeh
Okawaru
Qazlal
Ru
Sif Muna
Trog
Uskayaw
Vehumet
Wu Jian
Xom
Yredelemnul
Zin
The Shining One

Shops:
D:9 }

Portals:
Trove: D:10 (give +3 storm dragon scales)

Annotations:
D:6 3 runed translucent doors, LufLufFighter's ghost, novice MfTm


Innate Abilities, Weirdness & Mutations

Your natural rate of healing is unusually fast.
You have razor-sharp teeth.
You have supernaturally acute eyesight. (SInv)
You can survive without breathing.


Message History

* * * LOW HITPOINT WARNING * * *
The five-headed hydra bites you.
* * * LOW HITPOINT WARNING * * *
The five-headed hydra barely misses you.
The five-headed hydra bites you.
* * * LOW HITPOINT WARNING * * *
Unknown command.
Unknown command.
Casting: Ozocubu's Armour (safe; 1% risk of failure)
Confirm with . or Enter, or press ? or * to list all spells.
The walls around you are covered in ice.
The wall freezes the centaur.
The necrophage resists.
The wall freezes the necrophage.
The wall freezes the centaur.
The wall freezes the centaur!
The wall freezes the five-headed hydra.
The five-headed hydra bites you!
* * * LOW HITPOINT WARNING * * *
The five-headed hydra bites you!
* * * LOW HITPOINT WARNING * * *
The five-headed hydra misses you. The five-headed hydra bites you!
You die...

#†##..#
#)##..####.# ,
#>)........# , *
*#######..######
, ......(.....#
#### ,,
,.........##.#
#.. ,, , ,
#.#.#{#{..#.#
#.# , *
######c.#.####.#
,*
#.=[@Dc........#
* * , *
#≈#†##c##.######
* , ,
,#.#.#{........
, *
#.#.##.##.####
..#.#.....# *
***######..### *
#...# * ,
........[#
#........#


You could see a five-headed hydra and 3 centaurs.

Vanquished Creatures
  Harold (D:8)
  A centaur warrior (D:9)
  A two-headed ogre (D:10)
  Erica (D:8)
  A deep troll earth mage (D:9)
  A deep elf knight (D:9)
  Pikel (D:7)
  An ugly thing (D:11)
  2 manticores (D:11)
  2 gargoyles
  2 trolls
  Grinder (D:4)
  A steam dragon (D:8)
  2 swamp worms (D:7)
  Edmund (D:4)
  Duvessa (D:5)
  A floating eye (D:11)
  4 orc warriors
  A phantom (D:9)
  4 ice beasts
  4 sky beasts
  2 necrophages
  4 ogres
  3 big kobolds
  6 bullfrogs
  A wyvern zombie (D:9)
  Dowan (D:5)
  2 scorpions
  7 killer bees
  5 wights
  A bullfrog zombie (D:6)
  A howler monkey (D:8)
  3 quasits
  A jelly (D:5)
  5 orc priests
  9 orc wizards
  A gnoll shaman (D:4)
  3 hounds
  3 iron imps (D:3)
  An iguana (D:10)
  7 worker ants
  A hound zombie (D:10)
  A worker ant zombie (D:11)
  8 gnolls
  A howler monkey skeleton (D:4)
  8 adders
  A shadow imp (D:8)
  A white imp (D:9)
  2 oozes
  An adder skeleton (D:7)
  2 worms (D:3)
  A dart slug (D:4)
  3 leopard geckos
  34 orcs
  3 bats
  7 giant cockroaches
  4 goblins
  9 hobgoblins
  12 jackals
  6 quokkas
  2 ball pythons
  6 frilled lizards
  A giant cockroach zombie (D:5)
  20 kobolds
  2 quokka skeletons
  8 rats
244 creatures vanquished.

Vanquished Creatures (others)
  An orc wizard (D:5)
  5 fungi (D:11)
  5 plants
11 creatures vanquished.

Grand Total: 255 creatures vanquished

Notes
Turn   | Place    | Note
-------+----------+-------------------------------------------
     0 | D:1      | lunkers the Vampire Ice Elementalist began the quest for
                  | the Orb.
     0 | D:1      | Reached XP level 1. HP: 13/13 MP: 3/3
   163 | D:1      | Reached XP level 2. HP: 19/19 MP: 0/5
   892 | D:1      | Reached XP level 3. HP: 24/24 MP: 2/6
  1423 | D:2      | Noticed an angel
  1424 | D:2      | Found a shimmering altar of Xom.
  1424 | D:2      | Found a glowing silver altar of Zin.
  1783 | D:3      | Reached skill level 5 in Ice Magic
  2033 | D:3      | Reached XP level 4. HP: 29/30 MP: 3/8
  2042 | D:3      | Learned a level 3 spell: Frozen Ramparts
  2046 | D:3      | Learned a level 3 spell: Ozocubu's Armour
  2364 | D:3      | Found a basalt altar of Yredelemnul.
  2481 | D:3      | You fall into a shaft and drop 2 floors!
  2481 | D:5      | Entered Level 5 of the Dungeon
  2487 | D:5      | Reached XP level 5. HP: 26/35 MP: 5/9
  2573 | D:5      | Noticed an ogre
  2586 | D:5      | Reached skill level 6 in Ice Magic
  2590 | D:5      | Killed an ogre
  2590 | D:5      | Reached XP level 6. HP: 28/41 MP: 3/11
  3010 | D:3      | Found a burning altar of Makhleb.
  3060 | D:3      | Reached skill level 7 in Ice Magic
  3311 | D:4      | Noticed Grinder
  3340 | D:4      | Reached XP level 7. HP: 46/46 MP: 10/13
  3527 | D:4      | Paralysed by Grinder for 7 turns
  3545 | D:4      | Paralysed by Grinder for 3 turns
  3553 | D:4      | Killed Grinder
  3553 | D:4      | Reached skill level 8 in Ice Magic
  3634 | D:4      | Found a sparkling altar of Nemelex Xobeh.
  3683 | D:4      | Found a shadowy altar of Dithmenos.
  3684 | D:4      | Found an ornate altar of the Wu Jian Council.
  3685 | D:4      | Found a broken altar of Ashenzari.
  3688 | D:4      | Found a snail-covered altar of Cheibriados.
  3724 | D:4      | Became a worshipper of Ashenzari the Shackled
  3877 | D:4      | Noticed Edmund
  3893 | D:4      | Killed Edmund
  3893 | D:4      | Reached skill level 5 in Spellcasting
  3920 | D:4      | Found a hide-covered altar of Uskayaw.
  4139 | D:5      | Reached skill level 1 in Fighting
  4139 | D:5      | Reached skill level 1 in Shields
  4139 | D:5      | Reached XP level 8. HP: 50/54 MP: 12/15
  4231 | D:5      | Noticed Duvessa
  4233 | D:5      | Noticed Dowan
  4245 | D:5      | Killed Duvessa
  4246 | D:5      | Killed Dowan
  4444 | D:5      | Found a sacrificial altar of Ru.
  4592 | D:5      | Reached skill level 9 in Ice Magic
  4623 | D:6      | Found a runed translucent gate.
  4624 | D:6      | Found a runed translucent gate.
  4624 | D:6      | Noticed a kobold demonologist
  4626 | D:6      | Noticed LufLufFighter's ghost (novice MfTm)
  4627 | D:6      | Found a runed translucent gate.
  5050 | D:6      | Reached * piety under Ashenzari
  5124 | D:6      | Reached XP level 9. HP: 62/63 MP: 17/17
  5379 | D:7      | Noticed Pikel
  5398 | D:7      | Killed Pikel
  5419 | D:7      | Reached skill level 10 in Ice Magic
  5600 | D:7      | Found a staircase to the Ecumenical Temple.
  5635 | Temple   | Entered the Ecumenical Temple
  5963 | D:7      | Got the uncursed troll leather armour "Qafem" {Rampage
                  | rPois Regen+ rCorr Stlth-}
  6060 | D:7      | Identified the +3 troll leather armour "Qafem" {Rampage
                  | rPois Regen+ rCorr Stlth-} (You found it on level 7 of the
                  | Dungeon)
  6151 | D:7      | Found a stormy altar of Qazlal.
  6438 | D:8      | Got the short sword of Biawey {antimagic, +Inv}
  6443 | D:8      | Identified the +3 short sword of Biawey {antimagic, +Inv}
                  | (You found it on level 8 of the Dungeon)
  6540 | D:7      | Learned a level 4 spell: Summon Ice Beast
  6680 | D:8      | Noticed Erica
  6686 | D:8      | Killed Erica
  6686 | D:8      | Reached skill level 1 in Summonings
  6686 | D:8      | Reached XP level 10. HP: 73/73 MP: 11/20
  6711 | D:8      | Noticed Harold
  6731 | D:8      | Killed Harold
  6731 | D:8      | Reached skill level 5 in Fighting
  6731 | D:8      | Reached skill level 11 in Ice Magic
  7235 | D:9      | Found a blossoming altar of Fedhas.
  7315 | D:9      | Reached ** piety under Ashenzari
  7394 | D:9      | Noticed a centaur warrior
  7409 | D:9      | Killed a centaur warrior
  7489 | D:9      | Noticed a deep elf knight
  7489 | D:9      | Noticed a deep troll earth mage
  7495 | D:9      | Killed a deep elf knight
  7497 | D:9      | Killed a deep troll earth mage
  7497 | D:9      | Reached skill level 5 in Dodging
  7590 | D:9      | Found a shadowy altar of Dithmenos.
  7706 | D:9      | Reached XP level 11. HP: 81/81 MP: 19/22
  7797 | D:9      | Found Gofurr's Gadget Emporium.
  8127 | D:10     | Entered Level 10 of the Dungeon
  8166 | D:10     | Got the uncursed leather armour of Fouvoemm {MR+}
  8179 | D:10     | Identified the +1 leather armour of Fouvoemm {MR+} (You
                  | found it on level 10 of the Dungeon)
  8272 | D:10     | Noticed a two-headed ogre
  8284 | D:10     | Killed a two-headed ogre
  8519 | D:10     | Found a staircase to the Orcish Mines.
  8914 | D:10     | Identified the ring "Voyklec" {*Tele *Contam rPois rF+++
                  | rN+++}
  9083 | D:10     | Found a portal to a secret trove of treasure.
  9229 | D:11     | Noticed a purple ugly thing
  9278 | D:11     | Killed a purple ugly thing
  9278 | D:11     | Reached skill level 1 in Long Blades
  9499 | D:11     | Noticed a seven-headed hydra
  9504 | D:11     | HP: 4/83 [five-headed hydra (9)]
  9504 | D:11     | Slain by a five-headed hydra

Illustrated notes

Levels and vault maps discovered:
D:1:      minmay_arrival_jagged, layout_basic, minmay_rat_gold_closets
D:2:      minmay_skewed_foursquare, layout_basic,
          grunt_temple_overflow_order_and_chaos_1
D:3:      layout_basic, demons_altar, lemuel_doored_altar
D:4:      layout_layer_cave, minitemple, kennysheep_mini_moat, uniq_edmund,
          uniq_grinder
D:5:      layout_rooms, nicolae_ru_path_of_blood, uniq_duvessa
D:6:      layout_basic, gammafunk_ghost_nasty_kobolds
D:7:      layout_loops_cross, overflow_temple_1_default,
          minmay_temple_entry_wispy, worms_lemuel, uniq_pikel
D:8:      layout_cave_pools, uniq_harold, uniq_erica
D:9:      minmay_shrinking_squares, layout_long_grid, fedhas_altar_2,
          serial_shops, nicolae_shop_trees,
          nicolae_dithmenos_through_a_glass_darkly
D:10:     layout_long_grid, orc_0_dummy, serial_undead, serial_undead_c,
          serial_undead_a, serial_undead_d, serial_undead_b, serial_undead_e,
          trove_entry_hex_spiral, nicolae_two_hexagons, serial_park_tiny_pond
D:11:     layout_loops_ring, david_lair_generic, special_room
          [special_room_bee], solitary_fountain, minmay_crystal_water,
          onia_ninara_cookie
Temple:   compressed_dpeg_triangle_lava_temple

Skill      XL: |  1  2  3  4  5  6  7  8  9 10 11 |
---------------+----------------------------------+-----
Ice Magic      | 5 6 7 8 9 10 11 | 11.7
Spellcasting   | 3 4 5 7 8 |  8.6
Fighting       | 1 3 4 5 6 |  6.7
Shields        | 1 2 4 |  4.0
Summonings     | 1 3 4 |  4.0
Dodging        | 5 6 |  6.3
Long Blades    | 2 |  2.0
Stealth        | 4 |  4.7

Action                   |  1- 3 |  4- 6 |  7- 9 | 10-12 || total
-------------------------+-------+-------+-------+-------++-------
Melee: Unarmed           |     7 |     2 |       |       ||     9
       Dagger            |       |    27 |   125 |       ||   152
       Bite              |       |     2 |    15 |    15 ||    32
       Scimitar          |       |       |       |    97 ||    97
 Cast: Freeze            |    67 |    44 |   141 |   101 ||   353
       Frozen Ramparts   |       |     4 |    20 |    16 ||    40
       Ozocubu's Armour  |       |     1 |     2 |     5 ||     8
Invok: Curse Item        |       |       |     2 |     3 ||     5
Evoke: Wand              |       |       |       |     1 ||     1
  Use: Scroll            |       |     2 |     6 |     2 ||    10
       Potion            |       |       |     2 |       ||     2
 Stab: Sleeping          |       |       |     1 |       ||     1
Armor: Robe              |     7 |       |       |       ||     7
       Leather armour    |       |     7 |       |       ||     7
       Ring mail         |       |     6 |    65 |    24 ||    95
       Skin              |       |       |    29 |       ||    29
       Troll leather arm |       |       |    14 |    37 ||    51
Dodge: Dodged            |    48 |    40 |   175 |   229 ||   492
Block: Buckler           |       |       |    63 |    68 ||   131
       Rpst.: Scimitar   |       |       |       |    55 ||    55

Table legend: (Time is in decaauts)
 A = Elapsed time spent in this place.
 B = Non-inter-level travel time spent in this place.
 C = Inter-level travel time spent in this place.
 D = Time resting spent in this place.
 E = Time spent auto-exploring this place.
 F = Levels seen in this place.
 G = Mean time per level.
                   A        B        C        D        E       F      G
               +--------+--------+--------+--------+--------+-----+--------+
         Total |   9580 |   9111 |    469 |     47 |   6720 |  12 |  798.3 |
       Dungeon |   9458 |   8999 |    459 |     47 |   6630 |  11 |  859.8 |
        Temple |    121 |    111 |     10 |      0 |     90 |   1 |  121.0 |
               +--------+--------+--------+--------+--------+-----+--------+

Top non-repeatable levels by time:
     D:3: 1132 daAuts
     D:7: 1069 daAuts
    D:10: 1002 daAuts
     D:4: 997 daAuts
     D:9: 990 daAuts
     D:1: 979 daAuts
     D:2: 793 daAuts
     D:6: 742 daAuts
     D:8: 691 daAuts
     D:5: 688 daAuts
    D:11: 371 daAuts
  Temple: 121 daAuts
